 Dungeon Sprint DCSS version 0.30-a0-596-g0af90f9a20 (webtiles) character file.

Game seed: 13896396873777105680

3918 rocky1 the Basher (level 10, -6/68 HPs)
             Began as a Gargoyle Gladiator on Jan 7, 2023.
             Was an Initiate of Gozag.
             Mangled by an unseen horror (9 damage)
             ... in the Dungeon (Sprint I: "Red Sonja").
             The game lasted 00:05:11 (2260 turns).

rocky1 the Basher (Gargoyle Gladiator)              Turns: 2260, Time: 00:05:11

Health: -6/68      AC: 18    Str: 21    XL:     10   Next: 20%
Magic:  0/10       EV: 13    Int: 10    God:    Gozag
Gold:   1532       SH:  0    Dex: 11    Spells: 9/9 levels left

rFire   + . .      SeeInvis .    a - +0 flail
rCold   + . .      Faith    .    (no shield)
rNeg    + . .      Spirit   +    m - +4 ring mail {rC+}
rPois   ∞          Reflect  .    c - +0 helmet
rElec   +          Harm     .    (no cloak)
rCorr   .          Rampage  .    (no gloves)
Will    .....      NoTele   +    (no boots)
Stlth   ++++                     q - amulet of guardian spirit
HPRegen 0.31/turn                o - ring of protection from fire
MPRegen 0.12/turn                (no ring)

@: no status effects
A: sickness immunity, AC +7, negative energy resistance 1, electricity
resistance, torment resistance 1, petrification resistance
a: Renounce Religion, Potion Petition, Call Merchant, Bribe Branch


You were in the Dungeon.
You worshipped Gozag.
Gozag was most pleased with you.
You visited 1 branch You collected 1792 gold pieces.
You spent 260 gold pieces at shops.

Inventory:

Hand Weapons
 a - a +0 flail (weapon)
 b - a +0 dagger
Missiles
 e - a javelin
 l - 3 curare-tipped darts (quivered)
 p - a throwing net
 t - 5 poisoned darts
Armour
 c - a +0 helmet (worn)
 m - a +4 ring mail of cold resistance (worn)
 n - a +0 leather armour
Jewellery
 o - a ring of protection from fire (left hand)
 q - an amulet of guardian spirit (around neck)
Wands
 d - a wand of paralysis (6)
 s - a wand of flame (21)
Scrolls
 g - a scroll of enchant weapon {unknown}
 j - 2 scrolls of summoning {unknown}
 k - a scroll of blinking
 r - a scroll of vulnerability {unknown}
Potions
 f - 2 potions of curing
 h - a potion of haste
 i - 2 potions of magic


   Skills:
 + Level 10.6 Fighting
 * Level 13.5 Maces & Flails
 - Level 1.7 Throwing
 + Level 6.1 Armour
 + Level 8.2 Dodging
 + Level 11.2 Stealth
 + Level 8.5 Evocations


You had 9 spell levels left.
You didn't know any spells.
Your spell library was empty.

Dungeon Overview and Level Annotations

Branches:
Dungeon (1/1)

Altars:
Cheibriados
Dithmenos
Elyvilon
Fedhas
Gozag
Hepliaklqana
Kikubaaqudgha
Makhleb
Nemelex Xobeh
Okawaru
Qazlal
Ru
Sif Muna
Trog
Uskayaw
Vehumet
Wu Jian
Xom
Yredelemnul
Zin
The Shining One
Jiyva
Lugonu

Shops:
D =*[


Innate Abilities, Weirdness & Mutations

You are immune to sickness and miasma.
Your stone body is resilient. (AC +7)
You are immune to poison.
You resist negative energy. (rN+)
You are resistant to electric shocks. (rElec)
You are resistant to unholy torment.
You are immune to petrification.


Message History

Something hits you but does no damage. x2
There is an open door here.
You thump something! Something hits you! Something hits you.
Something hits you but does no damage. Something hits you! Something hits you.
Something hits you but does no damage. Something hits you!
There is an open door here.
Something hits you. Something hits you but does no damage.
You sock something!
Something hits you but does no damage. x3
You closely miss something. Something hits you!
Something hits you but does no damage.
You barely miss something. Something barely misses you.
Something hits you but does no damage. x2
You sock something!
Reactivating autopickup.
You feel a bit more experienced. Something hits you!
* * * LOW HITPOINT WARNING * * *
Deactivating autopickup; reactivate with Ctrl-A.
Your Armour skill increases to level 6!
Something hits you but does no damage.
You see here 27 gold pieces.
Something hits you but does no damage. Something hits you.
* * * LOW HITPOINT WARNING * * *
Something hits you!
* * * LOW HITPOINT WARNING * * *
You barely miss something. Something hits you.
* * * LOW HITPOINT WARNING * * *
You closely miss something. Something hits you.
* * * LOW HITPOINT WARNING * * *
You feel better.
You closely miss something. Something hits you.
* * * LOW HITPOINT WARNING * * *
Something hits you but does no damage.
You see here 27 gold pieces.
You hit something but do no damage. Something hits you!
* * * LOW HITPOINT WARNING * * *
Unknown command.
You close the door.
Something hits you!
You die...
Your body crumbles into a pile of gold.

#..##.#~~§.§#..# $
$$
##'#_.+~§§§.§§§# $
.'.)._#~~~..#§§#
$$$
##_.#'##)#####'###
###'#.#()§.###.'.#
###.####'###.###.#
.'...'.....'.∩##§#
$$
##...###########§#
$$ $ $
###.###......§##@#
$


$$$$$$$$$ #.#'#.#......§§+{# $$$$$$$$$ #.....#+++######{# $ $$$$$$ #.....# #§#
$$$ ####### +§#$ $ ### $ $ $ $ There were no monsters in sight!

Vanquished Creatures
  2 centaur warriors (D)
  Sonja (D)
  A deep troll (D)
  An oklob plant (D)
  An unseen horror (D)
  A hornet (D)
  A slime creature (D)
  A yak (D)
  Sigmund (D)
  2 redbacks (D)
  An ogre (D)
  A jelly (D)
  Ijyb (D)
  A ballistomycete spore (D)
16 creatures vanquished.

Vanquished Creatures (others)
  A ballistomycete spore (D)
1 creature vanquished.

Grand Total: 17 creatures vanquished

Notes
Turn   | Place    | Note
-------+----------+-------------------------------------------
     0 | D        | rocky1 the Gargoyle Gladiator began the quest for the Orb.
     0 | D        | Reached XP level 1. HP: 12/12 MP: 1/1
     2 | D        | Noticed Ijyb
     2 | D        | Paralysed by Ijyb for 2 turns
    14 | D        | Paralysed by Ijyb for 3 turns
    21 | D        | Paralysed by Ijyb for 5 turns
    27 | D        | Killed Ijyb
    28 | D        | Reached skill level 4 in Maces & Flails
    28 | D        | Reached XP level 2. HP: 14/19 MP: 2/2
   152 | D        | Noticed an ogre
   157 | D        | Killed an ogre
   158 | D        | Reached skill level 6 in Maces & Flails
   158 | D        | Reached XP level 3. HP: 24/24 MP: 3/3
   158 | D        | Reached XP level 4. HP: 30/30 MP: 4/4
   311 | D        | Noticed Sigmund
   323 | D        | Killed Sigmund
   324 | D        | Reached skill level 7 in Maces & Flails
   324 | D        | Reached skill level 5 in Stealth
   324 | D        | Reached XP level 5. HP: 36/36 MP: 5/5
   324 | D        | Reached XP level 6. HP: 41/41 MP: 6/6
   542 | D        | Found an ornate altar of the Wu Jian Council.
   542 | D        | Found a shimmering blue altar of Sif Muna.
   544 | D        | Found a radiant altar of Vehumet.
   553 | D        | Reached skill level 8 in Maces & Flails
   711 | D        | Found Luusi's Assorted Antiques.
   711 | D        | Found an ancient bone altar of Kikubaaqudgha.
   711 | D        | Found a hazy altar of Hepliaklqana.
   711 | D        | Found a stormy altar of Qazlal.
   711 | D        | Found a hide-covered altar of Uskayaw.
   711 | D        | Found a blossoming altar of Fedhas.
   711 | D        | Found a bloodstained altar of Trog.
   711 | D        | Found an iron altar of Okawaru.
   711 | D        | Found a basalt altar of Yredelemnul.
   711 | D        | Found a glowing golden altar of the Shining One.
   711 | D        | Found a snail-covered altar of Cheibriados.
   711 | D        | Found a sacrificial altar of Ru.
   711 | D        | Found a glowing silver altar of Zin.
   711 | D        | Found a shadowy altar of Dithmenos.
   711 | D        | Found a white marble altar of Elyvilon.
   711 | D        | Noticed a yak
   722 | D        | Killed a yak
   723 | D        | Reached skill level 9 in Maces & Flails
   723 | D        | Reached skill level 5 in Dodging
   723 | D        | Reached skill level 5 in Evocations
   723 | D        | Reached XP level 7. HP: 21/47 MP: 7/7
   818 | D        | Found an opulent altar of Gozag.
   819 | D        | Found a sparkling altar of Nemelex Xobeh.
   926 | D        | Became a worshipper of Gozag Ym Sagoz the Greedy
   930 | D        | Bought 2 potions of heal wounds for 260 gold pieces
   950 | D        | Found a burning altar of Makhleb.
   950 | D        | Found a viscous altar of Jiyva.
   950 | D        | Found a shimmering altar of Xom.
   950 | D        | Found a corrupted altar of Lugonu.
   950 | D        | Noticed a slime creature
   965 | D        | Killed a slime creature
  1165 | D        | Noticed Sonja
  1217 | D        | Killed Sonja
  1218 | D        | Reached skill level 11 in Maces & Flails
  1218 | D        | Reached XP level 8. HP: 26/55 MP: 8/8
  1581 | D        | Found Meah Cang's Jewellery Boutique.
  1601 | D        | Noticed a deep troll
  1620 | D        | Killed a deep troll
  1621 | D        | Reached XP level 9. HP: 6/60 MP: 2/9
  1802 | D        | Found Udour's Armour Emporium.
  1924 | D        | Noticed a centaur warrior
  1924 | D        | Noticed a centaur warrior
  1935 | D        | Killed a centaur warrior
  1936 | D        | Reached skill level 12 in Maces & Flails
  1936 | D        | Reached skill level 10 in Stealth
  1947 | D        | Killed a centaur warrior
  1948 | D        | Reached skill level 10 in Fighting
  1948 | D        | Reached skill level 5 in Armour
  1968 | D        | Identified the +4 spear "Kaohe" {heavy, *Rage rN+ Int+6
                  | Stlth+}
  2011 | D        | Noticed a hornet
  2018 | D        | Killed a hornet
  2019 | D        | Reached skill level 13 in Maces & Flails
  2133 | D        | Noticed an oklob plant
  2146 | D        | Killed an oklob plant
  2147 | D        | Reached XP level 10. HP: 56/68 MP: 8/10
  2251 | D        | Killed an unseen horror
  2259 | D        | HP: 2/68 [something (6)]
  2260 | D        | Mangled by an unseen horror

Illustrated notes

Levels and vault maps discovered:
D:        dungeon_sprint_1 [red_sonja_temple_1, red_sonja_temple_small_1]

Skill      XL: |  1  2  3  4  5  6  7  8  9 10 |
---------------+-------------------------------+-----
Fighting       | 3 4 6 8 9 10 | 10.6
Maces & Flails | 4 6 7 9 11 13 | 13.5
Dodging        | 3 4 5 6 7 8 |  8.2
Stealth        | 2 4 5 6 8 9 10 11 | 11.2
Evocations     | 2 4 5 6 7 8 |  8.5
Armour         | 2 5 6 |  6.1
Throwing       | |  1.7

Action                   |  1- 3 |  4- 6 |  7- 9 | 10-12 || total
-------------------------+-------+-------+-------+-------++-------
Melee: Flail             |    18 |    25 |    91 |    25 ||   159
       Punch             |     1 |     2 |     1 |       ||     4
       Dagger            |       |       |     1 |       ||     1
Throw: Throwing net      |     3 |     1 |     2 |       ||     6
       Dart              |       |       |     5 |       ||     5
  Use: Potion            |     1 |       |     3 |     1 ||     5
 Stab: Held in net/web   |     2 |       |       |       ||     2
       Sleeping          |       |     1 |     3 |     1 ||     5
Armor: Leather armour    |     3 |       |       |       ||     3
       Ring mail         |       |     5 |    98 |    34 ||   137
Dodge: Dodged            |     3 |    12 |    73 |    10 ||    98

Table legend: (Time is in decaauts)
 A = Elapsed time spent in this place.
 B = Non-inter-level travel time spent in this place.
 C = Inter-level travel time spent in this place.
 D = Time resting spent in this place.
 E = Time spent auto-exploring this place.
 F = Levels seen in this place.
 G = Mean time per level.
                   A        B        C        D        E       F      G
               +--------+--------+--------+--------+--------+-----+--------+
         Total |   2255 |   2241 |     14 |   1667 |      0 |   1 | 2255.0 |
       Dungeon |   2255 |   2241 |     14 |   1667 |      0 |   1 | 2255.0 |
               +--------+--------+--------+--------+--------+-----+--------+

Top non-repeatable levels by time:
       D: 2255 daAuts
